 Dungeon Crawl Stone Soup version 0.31.0-32-g396128a36d (webtiles) character file.

Game seed: 6729987055247138492

157005 firemarshallily the Ripper (level 17, -2/107 HPs)
             Began as a Felid Berserker on Mar 26, 2024.
             Was the Champion of Trog.
             Slain by a tentacle (18 damage)
             ... attached to a kraken
             ... on level 3 of the Shoals on Mar 28, 2024.
             The game lasted 01:31:18 (25227 turns).

firemarshallily the Ripper (Felid Berserker)       Turns: 25227, Time: 01:31:19

Health: -2/107     AC:  5    Str: 25    XL:     17   Next: 11%
Magic:  21/21      EV: 29    Int: 11    God:    Trog [******]
Gold:   741        SH:  5    Dex: 16    Spells: 16/16 levels left
                                        Lives:  0   Deaths: 6

rFire   + +          +
                       - Unarmed
rCold   + . .        (shield unavailable)
rNeg    . . .        (body armour unavailable)
rPois   .            (helmet unavailable)
rElec   .            (cloak unavailable)
rCorr   .            (gloves unavailable)
SInv    +            (boots unavailable)
Will    ++++.        e - amulet of reflection
Stlth   +            a - ring "Ejofuo" {rF+ Will+ Str+6 Dex-2}
HPRegen 2.17/turn    U - ring "Goemyg" {Fly rF++ Will- Slay+5}
MPRegen 0.17/turn

%: reflection
@: beast-form, strong-willed, flying, regenerating
A: beast (slay +2), very small, claws 1, fangs 3, see invisible, shaggy fur 3,
stealthy paws, no weapons or thrown items, no armour, multi-lived, iridescent
scales 1, regeneration 1
a: Begin Untransformation, Renounce Religion, Berserk, Trog's Hand, Brothers in
Arms


You were on level 3 of the Shoals.
You worshipped Trog.
Trog was exalted by your worship.
You were a hulking beast.
You visited 5 branches of the dungeon, and saw 26 of its levels.
You also visited: Trove, Bailey, Ice Cave and Volcano.

You collected 3177 gold pieces.
You spent 2436 gold pieces at shops.

Inventory:

Jewellery
 a - the ring "Ejofuo" (left paw) {rF+ Will+ Str+6 Dex-2}
   (You bought it in a shop on level 1 of the Orcish Mines)

   [ring of strength]

   Str+6:     It affects your strength (+6).
   Dex-2:     It affects your dexterity (-2).
   rF+:       It protects you from fire.
   Will+:     It increases your willpower.
 b - a ring of protection from fire
 e - an amulet of reflection (around neck)
 o - a ring of protection from fire
 q - a +5 ring of evasion
 t - the ring "Kaliuf" {rElec Str+6 Int-4 SInv}
   (You bought it in a shop on level 1 of the Orcish Mines)

   [ring of see invisible]

   Str+6:     It affects your strength (+6).
   Int-4:     It affects your intelligence (-4).
   rElec:     It insulates you from electricity.
   SInv:      It lets you see invisible.
 u - a +6 ring of intelligence
 w - a ring of flight
 B - a ring of poison resistance
 D - a ring of resist corrosion
 E - a ring of willpower
 G - an amulet of guardian spirit
 J - the ring "Qosihof" {rF+ rN+ Will+ Int-3}
   (You bought it in a shop on level 1 of the Orcish Mines)

   [ring of willpower]

   Int-3:     It affects your intelligence (-3).
   rF+:       It protects you from fire.
   rN+:       It protects you from negative energy.
   Will+:     It increases your willpower.
 O - the ring "Jacwit" {Ice Str-5 Dex+3 Stlth+}
   (You found it in a treasure trove)

   [ring of ice]

   Ice:       It enhances your ice magic.
   Str-5:     It affects your strength (-5).
   Dex+3:     It affects your dexterity (+3).
   rF-:       It makes you vulnerable to fire.
   rC+:       It protects you from cold.
   Stlth+:    It makes you more stealthy.
 P - the ring of the Everdark {Dex+6 Slay+4}
   (You found it in a treasure trove)

   [ring of dexterity]

   Dex+6:     It affects your dexterity (+6).
   Slay+4:    It affects your accuracy & damage with ranged weapons and melee
   (+4).
 Q - the ring "Nekhlar" {rN+ MP+9 SInv}
   (You found it in a treasure trove)

   [ring of magical power]

   rN+:       It protects you from negative energy.
   MP+9:      It affects your magic capacity (+9).
   SInv:      It lets you see invisible.
 R - a +4 ring of protection
 S - the ring "Ymac" {Ice rPois Stlth+}
   (You found it in a treasure trove)

   [ring of ice]

   Ice:       It enhances your ice magic.
   rF-:       It makes you vulnerable to fire.
   rC+:       It protects you from cold.
   rPois:     It protects you from poison Stlth+: It makes you more stealthy.
 U - the ring "Goemyg" (right paw) {Fly rF++ Will- Slay+5}
   (You found it in a treasure trove)

   [ring of flight]

   Slay+5:    It affects your accuracy & damage with ranged weapons and melee
   (+5).
   rF++:      It greatly protects you from fire.
   Will-:     It decreases your willpower.
   Fly:       It grants you flight.
 V - a ring of willpower
 X - the amulet of Zaraludgh {RegenMP rPois Str+3}
   (You found it in a treasure trove)

   [amulet of magic regeneration]

   RegenMP:   It increases your rate of magic regeneration.
   Str+3:     It affects your strength (+3).
   rPois:     It protects you from poison
 Z - a +6 ring of dexterity
Talismans
 y - a beast talisman (active)
Wands
 k - a wand of quicksilver (6)
 s - a wand of flame (1) (quivered)
 L - a wand of mindburst (7)
 M - a wand of iceblast (4)
 N - a wand of paralysis (4)
Scrolls
 d - 3 scrolls of vulnerability
 f - a scroll of butterflies
 g - 6 scrolls of blinking
 h - a scroll of fog
 i - 9 scrolls of teleportation
 j - a scroll of silence
 n - 2 scrolls of poison
 v - 2 scrolls of noise
 A - 3 scrolls of revelation
 K - a scroll of torment
Potions
 c - 5 potions of mutation
 l - 3 potions of lignification
 m - 3 potions of curing
 p - 6 potions of might
 r - 3 potions of magic
 x - 3 potions of ambrosia
 z - 4 potions of haste
 C - 4 potions of resistance
 F - 2 potions of enlightenment
 H - a potion of berserk rage
 I - 6 potions of attraction


   Skills:
 * Level 19.6 Fighting
 + Level 17.5 Dodging
 * Level 19.6 Unarmed Combat
 - Level 5.0 Invocations
 - Level 3.6 Shapeshifting


You had 16 spell levels left.
You didn't know any spells.
Your spell library was empty.

Dungeon Overview and Level Annotations

Branches:
Dungeon (15/15)            Temple (1/1) D:6            Lair (5/5) D:9
 Shoals (3/4) Lair:2       Spider (0/4) Lair:2        Slime (0/5) Lair:4
    Orc (2/2) D:11            Elf (0/3) Orc:2        Vaults (0/5) D:13
 Depths (0/4) D:15         Bailey (visited)           IceCv (visited)
Volcano (visited)

Altars:
Ashenzari
Cheibriados
Dithmenos
Elyvilon
Fedhas
Gozag
Hepliaklqana
Kikubaaqudgha
Makhleb
Nemelex Xobeh
Okawaru
Qazlal
Ru
Sif Muna
Trog
Uskayaw
Vehumet
Wu Jian
Xom
Yredelemnul
Zin
The Shining One
Jiyva

Shops:
D:6 !   D:14 :   D:15 ?   Orc:1 =   Orc:2 [=*(   Shoals:2 :

Annotations:
D:11 2 transporters, exclusion: ice statue, jimmypageman's ghost, journeyman MiFi
Temple 4 transporters
Lair:5 Rupert
Shoals:2 2 transporters, bigdog255's ghost, journeyman SpEn


Innate Abilities, Weirdness & Mutations

You are a hulking beast.
Your limbs bulge with bestial killing power. (Slay +2)
You have sharp claws.
You have razor-sharp teeth.
You have supernaturally acute eyesight. (SInv)
Your thick and shaggy fur keeps you warm. (AC +3, rC+)
Your paws help you pounce on unaware monsters.
You are incapable of wielding weapons or throwing items.
You cannot wear armour.
You gain extra lives every three experience levels.
You are partially covered in iridescent scales. (AC +2)
Your natural rate of healing is unusually fast.


Message History

Unknown command.
You claw the kraken!
The kraken is lightly wounded.
The tentacle closely misses you. The tentacle completely misses you.
A tentacle segment bursts forth from the water.
The tentacle completely misses you.
A tentacle segment bursts forth from the water.
The tentacle completely misses you.
You mangle the kraken!! You bite the kraken, but do no damage.
The kraken is moderately wounded.
The tentacle completely misses you. You block the tentacle's attack.
The tentacle completely misses you. The tentacle misses you.
The kraken completely misses you.
Unknown command.
You scratch the kraken.
The kraken is moderately wounded.
The tentacle slaps you. The tentacle completely misses you.
You block the tentacle's attack. The tentacle barely misses you.
The kraken completely misses you.
Unknown command.
You scratch the kraken but do no damage.
The kraken is moderately wounded.
You block the tentacle's attack. The tentacle completely misses you. x3
A tentacle segment bursts forth from the water. x2
The kraken misses you.
Unknown command.
You scratch the kraken but do no damage.
The kraken is moderately wounded.
You block the tentacle's attack. The tentacle misses you.
The tentacle barely misses you. The tentacle completely misses you.
A tentacle segment bursts forth from the water.
The kraken bites you!!
You mangle the kraken!! You claw the kraken!
The kraken is heavily wounded.
You block the tentacle's attack. The tentacle barely misses you.
The tentacle misses you. The tentacle slaps you!!
* * * LOW HITPOINT WARNING * * *
A tentacle segment bursts forth from the water.
The kraken completely misses you. The tentacle slaps you!!
You die...

≈≈≈≈≈≈≈≈≈≈≈≈≈≈≈≈≈≈~~~~~~~~
≈≈≈≈≈≈≈≈≈≈≈≈≈≈≈≈≈≈≈~~~~~.~~
≈≈≈≈≈≈≈≈≈≈≈≈≈≈≈≈≈≈≈≈~~~...~~
≈≈≈≈≈≈≈≈≈≈≈≈≈≈≈≈≈≈≈~~~.###..
≈≈≈≈≈≈≈≈≈≈≈≈≈≈≈≈≈≈≈~~..###..
≈≈≈≈≈≈≈≈≈≈≈≈≈≈≈≈≈≈≈~~.>.....
≈≈≈≈≈≈≈≈≈≈≈≈≈≈≈≈≈≈≈~~~......
≈≈≈≈≈≈≈≈≈≈www≈≈≈≈≈≈≈~~......
≈≈≈≈≈≈≈≈≈≈Xh≈≈≈≈≈≈≈≈~~...##.
≈≈≈≈≈≈≈≈≈≈w≈≈≈≈≈≈≈≈≈~~~~...~
≈≈≈≈≈≈≈≈≈≈≈≈≈≈≈≈≈≈≈≈≈~~~~~~~
w≈≈≈≈≈≈≈≈≈≈≈≈≈≈≈≈≈≈≈≈≈~~~~~~
≈≈≈≈≈≈≈≈≈≈≈≈≈≈≈≈≈≈≈≈≈≈≈~~~~~
w≈≈≈≈≈≈≈≈≈≈≈≈≈≈≈≈≈≈≈≈≈≈≈≈≈≈≈
≈≈≈≈≈≈≈≈≈≈≈≈≈≈≈≈≈≈≈≈≈≈≈≈≈≈≈≈
≈≈≈≈≈≈≈≈≈≈≈≈≈≈≈≈≈≈≈≈≈≈≈≈≈≈≈≈
############################


You could see a kraken and 4 tentacles.

Vanquished Creatures
  Ilsuiw (Shoals:2)
  A fire giant (D:15)
  A frost giant (IceCv)
  2 orc warlords
  A minotaur (Shoals:1)
  3 dire elephants (Lair:5)
  2 merfolk javelineers
  A fire dragon (Volcano)
  5 merfolk impalers
  Josephine (Lair:4)
  A vault guard (D:13)
  5 hydras
  A merfolk avatar (Shoals:1)
  A catoblepas (Lair:4)
  An alligator snapping turtle (Shoals:3)
  5 centaur warriors
  4 two-headed ogres
  29 death yaks
  2 satyrs
  A tengu warrior (D:15)
  2 orc high priests (Orc:2)
  3 spectral death yaks (Lair:5)
  5 skysharks
  A spectral anaconda (Lair:5)
  7 sea snakes
  A glowing orange brain (D:13)
  5 harpies (Shoals:2)
  An arcanist (D:10)
  7 orc knights
  An obsidian statue (Lair:5)
  Pikel (D:5)
  4 necromancers (Lair:5)
  3 deep elf pyromancers
  8 manticores
  An oklob plant (D:6)
  4 orc sorcerers
  5 ugly things
  3 salamanders (Volcano)
  14 fauns
  8 cyclopes
  6 black mambas
  5 large abominations (D:10)
  4 kobold blastminers
  A meliai (shapeshifter) (D:14)
  25 elephants
  3 water nymphs
  4 merfolk sirens
  3 meliai (Shoals:1)
  2 ice statues
  A torpor snail (Lair:5)
  8 cane toads
  14 komodo dragons
  An unseen horror (D:12)
  A freezing wraith (D:14)
  2 kobold demonologists (D:12)
  7 rime drakes
  12 merfolk
  11 trolls
  9 polar bears
  A polar bear (shapeshifter) (D:14)
  2 wind drakes
  8 blink frogs
  A hornet (D:9)
  7 dream sheep (Shoals:1)
  2 spectral elephants (Lair:5)
  Grinder (D:5)
  5 snapping turtles
  A centaur simulacrum (D:14)
  3 shadows
  4 water elementals
  2 culicivoras (Lair:2)
  A culicivora (shapeshifter) (D:13)
  7 small abominations (D:10)
  8 wraiths
  Eustachio (D:6)
  72 yaks
  10 wyverns
  8 fire bats (Volcano)
  7 steam dragons
  2 basilisks
  A death yak simulacrum (Lair:5)
  2 spectral cane toads (Lair:5)
  An acid dragon (D:13)
  14 water moccasins
  4 ice beasts
  30 orc warriors
  2 laughing skulls (D:14)
  8 ogres
  3 elephant zombies (Lair:5)
  21 wolves
  7 centaurs
  4 kobold brigands
  A lemure (D:5)
  13 bullfrogs
  A cane toad simulacrum (Lair:5)
  7 scorpions
  8 wights
  17 killer bees
  2 electric eels (Lair:3)
  An elephant simulacrum (Lair:5)
  3 howler monkeys (D:12)
  3 bombardier beetles
  3 jellies
  2 hounds
  3 gnoll boudas
  15 orc priests
  Terence (D:3)
  Jessica (D:2)
  2 iguanas
  A sleepcap (D:8)
  17 orc wizards
  An adder (shapeshifter) (D:15)
  16 gnolls
  5 adders
  A river rat (D:9)
  6 shadow imps (D:7)
  18 white imps
  4 ufetubi (D:7)
  4 dart slugs
  A ribbon worm (D:4)
  40 orcs
  4 bats
  10 endoplasms
  4 giant cockroaches
  13 goblins
  7 hobgoblins
  3 jackals (D:3)
  34 kobolds
  2 quokkas
  8 ball pythons
  A frilled lizard (D:2)
804 creatures vanquished.

Vanquished Creatures (collateral kills)
  An orc high priest (Orc:2)
  An orc warrior (Orc:2)
  An orc (Orc:2)
3 creatures vanquished.

Vanquished Creatures (others)
  An ufetubus (D:7)
  An orc (D:9)
  4 tentacles (Shoals:3)
6 creatures vanquished.

Grand Total: 813 creatures vanquished

Notes
Turn   | Place    | Note
-------+----------+-------------------------------------------
     0 | D:1      | firemarshallily the Felid Berserker began the quest for the
                  | Orb.
     0 | D:1      | Reached XP level 1. HP: 12/12 MP: 2/2
   117 | D:1      | Reached XP level 2. HP: 14/16 MP: 3/3
   745 | D:2      | Noticed Jessica
   930 | D:2      | Slain by a gnoll
   930 | D:2      | Lost a life (0 lives remaining)
   995 | D:2      | Reached XP level 3. HP: 20/20 MP: 4/4
  1137 | D:2      | Reached ** piety under Trog
  1157 | D:2      | Killed Jessica
  1158 | D:2      | Reached XP level 4. HP: 15/25 MP: 5/5
  1158 | D:2      | Gained a life (1 life remaining)
  1323 | D:2      | Gained mutation: Your natural rate of healing is unusually
                  | fast. [potion of mutation]
  1323 | D:2      | Gained mutation: You are partially covered in iridescent
                  | scales. (AC +2) [potion of mutation]
  1327 | D:2      | HP: 1/25 [poisoned by a kobold]
  1783 | D:3      | Noticed Terence
  1803 | D:3      | Killed Terence
  1804 | D:3      | Reached XP level 5. HP: 23/29 MP: 6/6
  2182 | D:4      | Reached skill level 5 in Dodging
  2248 | D:4      | Gained mutation: You are covered in thick fur. (AC +2)
                  | [Felid growth]
  2248 | D:4      | Reached XP level 6. HP: 33/35 MP: 7/7
  2700 | D:4      | Reached skill level 5 in Fighting
  2700 | D:4      | Reached skill level 5 in Unarmed Combat
  2923 | D:5      | Entered Level 5 of the Dungeon
  2957 | D:4      | Reached XP level 7. HP: 15/39 MP: 8/8
  2957 | D:4      | Gained a life (2 lives remaining)
  3087 | D:5      | Noticed Pikel
  3108 | D:5      | Noticed Grinder
  3113 | D:5      | Killed Pikel
  3114 | D:5      | Reached XP level 8. HP: 45/45 MP: 9/9
  3139 | D:5      | Killed Grinder
  3514 | D:5      | Found a basalt altar of Yredelemnul.
  3514 | D:5      | Found a radiant altar of Vehumet.
  3668 | D:6      | Found a shadowy altar of Dithmenos.
  3747 | D:6      | Reached XP level 9. HP: 51/51 MP: 10/10
  3750 | D:6      | Found Piczas's Distillery.
  3757 | D:6      | Bought a potion of might for 56 gold pieces
  3757 | D:6      | Bought a potion of heal wounds for 70 gold pieces
  3757 | D:6      | Bought a potion of curing for 42 gold pieces
  3757 | D:6      | Bought a potion of might for 56 gold pieces
  3788 | D:6      | Found a staircase to the Ecumenical Temple.
  3789 | D:6      | Noticed Eustachio
  3822 | D:6      | Killed Eustachio
  3856 | D:6      | Reached *** piety under Trog
  3873 | D:6      | Found a sacrificial altar of Ru.
  4102 | D:6      | Found a blossoming altar of Fedhas.
  4121 | D:6      | Noticed an oklob plant
  4821 | D:7      | You fall into a shaft and drop 2 floors!
  4907 | D:9      | Noticed a death yak
  4948 | D:8      | Reached XP level 10. HP: 49/58 MP: 11/11
  4953 | D:8      | Reached **** piety under Trog
  4957 | D:8      | Found a burning altar of Makhleb.
  5198 | D:8      | Found an opulent altar of Gozag.
  5217 | D:8      | Reached skill level 10 in Fighting
  5217 | D:8      | Reached skill level 10 in Unarmed Combat
  5315 | D:8      | Reached skill level 10 in Dodging
  5801 | D:8      | Noticed an ice statue
  5827 | D:9      | Noticed a death yak
  5827 | D:9      | Noticed a death yak
  5837 | D:8      | Killed a death yak
  6244 | D:9      | Noticed a two-headed ogre
  6268 | D:9      | Killed a two-headed ogre
  6355 | D:9      | Found a staircase to the Lair.
  6432 | D:9      | Reached XP level 11. HP: 51/65 MP: 12/12
  6447 | D:9      | Killed a death yak
  6451 | D:9      | Killed a death yak
  6726 | D:10     | Entered Level 10 of the Dungeon
  6882 | D:10     | Found a flagged portal.
  6889 | Bailey   | Entered a bailey
  6959 | Bailey   | Noticed an orc warlord
  7061 | Bailey   | Found a runed translucent gate.
  7061 | Bailey   | Found a runed translucent gate.
  7061 | Bailey   | Found a runed translucent gate.
  7207 | Bailey   | Killed an orc warlord
  7283 | D:10     | Noticed a two-headed ogre
  7291 | D:10     | Killed a two-headed ogre
  7365 | D:10     | Reached ***** piety under Trog
  7407 | D:10     | Gained mutation: Your thick and shaggy fur keeps you warm.
                  | (AC +3, rC+) [Felid growth]
  7407 | D:10     | Reached XP level 12. HP: 73/73 MP: 13/13
  7608 | D:10     | Slain by a large abomination
  7608 | D:10     | Lost a life (1 life remaining)
  8488 | D:11     | Noticed a boulder beetle
  8491 | D:11     | Noticed a two-headed ogre
  8503 | D:11     | Noticed jimmypageman's ghost (journeyman MiFi)
  8510 | D:11     | Noticed a catoblepas
  8513 | D:11     | Found a transporter.
  8519 | D:11     | Found a transporter.
  8534 | D:11     | Found a staircase to the Orcish Mines.
  8936 | D:11     | Reached XP level 13. HP: 79/79 MP: 14/14
  8936 | D:11     | Gained a life (2 lives remaining)
  9100 | D:11     | Found a portal to a secret trove of treasure.
 10058 | Temple   | Found a transporter.
 10058 | Temple   | Found a transporter.
 10058 | Temple   | Found a transporter.
 10058 | Temple   | Found a transporter.
 10058 | Temple   | Entered the Ecumenical Temple
 10164 | Lair:1   | Entered Level 1 of the Lair of Beasts
 10582 | Lair:1   | Reached ****** piety under Trog
 11144 | Lair:2   | Reached skill level 15 in Unarmed Combat
 11177 | Lair:2   | Reached skill level 15 in Fighting
 11522 | Lair:2   | Found a hole to the Spider Nest.
 11907 | Lair:2   | Found a staircase to the Shoals.
 12634 | Lair:3   | You fall into a shaft and drop 2 floors!
 12634 | Lair:5   | Entered Level 5 of the Lair of Beasts
 12775 | Lair:5   | Reached XP level 14. HP: 86/86 MP: 15/15
 12837 | Lair:5   | HP: 4/129 [yak (10)]
 12844 | Lair:5   | Mangled by a death yak
 12844 | Lair:5   | Lost a life (1 life remaining)
 14208 | Lair:4   | Found a viscous altar of Jiyva.
 14208 | Lair:4   | Found a staircase to the Slime Pits.
 14246 | Lair:4   | Noticed Josephine
 14260 | Lair:4   | Killed Josephine
 14662 | Lair:4   | Identified the +4 rapier of Feqaaf {flame, rPois Int-5
                  | Dex+8}
 14757 | Lair:5   | Noticed Rupert
 14981 | Lair:5   | Reached skill level 15 in Dodging
 15087 | Lair:5   | Reached skill level 1 in Shapeshifting
 16000 | Lair:5   | Reached XP level 15. HP: 77/91 MP: 13/16
 16000 | Lair:5   | Gained a life (2 lives remaining)
 16817 | Orc:1    | Entered Level 1 of the Orcish Mines
 16821 | Orc:1    | Paralysed by an orc sorcerer for 4 turns
 16829 | Orc:1    | Killed from afar by a kobold blastminer
 16829 | Orc:1    | Lost a life (1 life remaining)
 16922 | Orc:1    | Found a dark tunnel.
 16996 | Volcano  | Entered a volcano
 17531 | Orc:2    | Entered Level 2 of the Orcish Mines
 17535 | Orc:1    | Found Fomaho's Jewellery Boutique.
 17772 | Orc:2    | Found Ysegie's Jewellery Emporium.
 17815 | Orc:2    | Found a staircase to the Elven Halls.
 17923 | Orc:2    | Found Tuhoh's Antique Armour Shop.
 17934 | Orc:2    | Slain by a soul eater
 17934 | Orc:2    | Lost a life (0 lives remaining)
 18354 | Orc:2    | Found Asinawuju's General Store.
 18364 | Orc:2    | Bought a scroll of identify for 26 gold pieces
 18364 | Orc:2    | Bought a scroll of identify for 26 gold pieces
 18364 | Orc:2    | Bought a scroll of identify for 26 gold pieces
 18364 | Orc:2    | Bought a scroll of teleportation for 39 gold pieces
 18683 | Orc:2    | Found Xusyjaup's Antique Weapon Shoppe.
 18890 | Orc:1    | Bought the ring "Ejofuo" {rF+ Will+ Str+6 Dex-2} for 719
                  | gold pieces
 18890 | Orc:1    | Bought the ring "Kaliuf" {rElec Str+6 Int-4 SInv} for 464
                  | gold pieces
 18894 | Orc:1    | Bought the ring "Qosihof" {rF+ rN+ Will+ Int-3} for 516
                  | gold pieces
 19489 | D:13     | Found a frozen archway.
 19554 | IceCv    | Entered an ice cave
 19669 | IceCv    | Reached skill level 1 in Invocations
 19951 | IceCv    | Noticed a frost giant
 19959 | IceCv    | Killed a frost giant
 19960 | IceCv    | Reached XP level 16. HP: 100/100 MP: 18/18
 19960 | IceCv    | Gained a life (1 life remaining)
 20492 | D:13     | Found a gate to the Vaults.
 20677 | D:13     | Found a hide-covered altar of Uskayaw.
 20950 | D:14     | Identified the +8 long sword of Extermination {venom, *Rage
                  | rF+++ Str+2 Int+3}
 21235 | D:14     | Found a white marble altar of Elyvilon.
 21314 | D:14     | Found Avvic's Vocational Training.
 21535 | D:15     | Entered Level 15 of the Dungeon
 21568 | D:15     | Found a staircase to the Depths.
 22052 | D:15     | Found Veapul's Magic Scroll Emporium.
 22060 | D:15     | Bought 3 scrolls of blinking for 292 gold pieces
 22060 | D:15     | Bought 2 scrolls of fear for 104 gold pieces
 22153 | D:11     | You paid a toll of 8 scrolls of fear to enter a treasure
                  | trove
 22154 | Trove    | Entered a treasure trove
 22168 | Trove    | Identified the ring "Jacwit" {Ice Str-5 Dex+3 Stlth+}
 22170 | Trove    | Identified the ring of the Everdark {Dex+6 Slay+4}
 22172 | Trove    | Identified the ring "Nekhlar" {rN+ MP+9 SInv}
 22178 | Trove    | Identified the ring "Ymac" {Ice rPois Stlth+}
 22182 | Trove    | Identified the ring "Goemyg" {Fly rF++ Will- Slay+5}
 22188 | Trove    | Identified the amulet of Zaraludgh {RegenMP rPois Str+3}
 22535 | Shoals:1 | Entered Level 1 of the Shoals
 22865 | Shoals:1 | Found a hide-covered altar of Uskayaw.
 22958 | Shoals:1 | Identified the +0 leather armour "Dag Deog" {rElec rF+}
 23112 | Shoals:1 | HP: 3/153 [satyr/arrow (14)]
 23744 | Shoals:2 | Found a transporter.
 23744 | Shoals:2 | Noticed bigdog255's ghost (journeyman SpEn)
 24359 | Shoals:2 | Found Onkygg's Self-Improvement Boutique.
 24383 | Shoals:2 | Noticed Ilsuiw
 24458 | Shoals:2 | Reached skill level 5 in Invocations
 24472 | Shoals:2 | HP: 2/153 [water elemental[Ilsuiw] (11)]
 24473 | Shoals:2 | Drowned by a water elemental
 24473 | Shoals:2 | Lost a life (0 lives remaining)
 24482 | Shoals:2 | Found a transporter.
 24548 | Shoals:2 | Killed Ilsuiw
 24872 | Shoals:3 | Reached XP level 17. HP: 91/107 MP: 21/21
 25213 | Shoals:3 | Noticed a kraken
 25227 | Shoals:3 | Slain by a tentacle

Illustrated notes

Levels and vault maps discovered:
D:1:      matt_arrival_spirals, layout_basic, minmay_domino_2
D:2:      layout_rooms, chequers_serial_rivers_micro_a, hex_intersection,
          minmay_misc_feat_alley, uniq_jessica
D:3:      layout_loops_ring, kennysheep_cross_bottleneck, st_stairs_9,
          minmay_cut_off, uniq_terence
D:4:      minmay_opposing_rooms, layout_rooms, hangedman_decor_lopped,
          interstate_on_off
D:5:      layout_basic, gammafunk_temple_overflow_statue, dk_rats_in_the_wall,
          uniq_pikel, uniq_grinder
D:6:      layout_basic, nicolae_ru_the_path_less_chosen, tgw_fedhas,
          nicolae_dithmenos_shadow_blocks, minmay_temple_entry_statues_pillars,
          serial_shops, nicolae_diamond_shop, uniq_eustachio
D:7:      layout_basic, serial_demonic, serial_demonic_e, serial_demonic_e,
          serial_demonic_f, serial_demonic_e, serial_demonic_e, serial_demonic_f
D:8:      lemuel_ice_statue, layout_basic,
          mainiacjoe_overflow_concentric_impassable,
          mainiacjoe_overflow_chevrons, hangedman_minor_gate_pass
D:9:      layout_cave_pools, dpeg_lair_monsters
D:10:     layout_gridville, enter_bailey_2, chequers_serial_rivers_room_a,
          minivault_16, laboratory
D:11:     layout_basic, orc_0_dummy, nicolae_trove_entry_crystal,
          nzn_ghost_randoct
D:12:     layout_irregular_city
D:13:     layout_rooms, hellmonk_vaults_order_and_chaos,
          portal_ice_cave_entry_imps, nicolae_uskayaw_dance_hall
D:14:     layout_loops_cross, elyvilon_altar_3, nicolae_shop_vocational
D:15:     grunt_enter_depths_giant_problem, layout_basic, serial_shops,
          nicolae_shop_advertising_works [nicolae_subvault_shop_adworks],
          moated_statue
Temple:   hellmonk_temple_divided_pantheon
Lair:1:   layout_regular_city
Lair:2:   layout_cave_pods, mainiacjoe_shoals_entry_four_pools,
          hellmonk_spider_entry_life_and_decay, grunt_forest_stairs_basic
Lair:3:   layout_layer_cave, serial_bayou, serial_bayou_pond_e,
          serial_bayou_lake_a, serial_bayou_lagoon_a, serial_bayou_pond_d,
          nicolae_lair_lil_pond
Lair:4:   layout_big_grid, slime_entry_1, cheibrodos_lair_lostbears,
          uniq_josephine
Lair:5:   due_jungle_book, layout_layer_cave, nicolae_quartered_pool_super,
          grunt_megastairs_3, lemuel_fruit_tree, infiniplex_staircase_pool,
          uniq_rupert
Shoals:1: layout_shoals, regret_index_shoals_crete
Shoals:2: layout_shoals, ebering_ghost_davey_jones, nicolae_shop_self_help,
          uniq_ilsuiw
Shoals:3: layout_shoals
Orc:1:    nicolae_orc_accident_2, layout_diamond_mine,
          lightli_volcano_entry_magma_tube, serial_shops, shop
Orc:2:    grunt_orc_gardens, layout_caves, grunt_orc_garden, grunt_orc_garden,
          grunt_orc_garden, grunt_orc_garden

Skill      XL: |  1  2  3  4  5  6  7  8  9 10 11 12 13 14 15 16 |
---------------+-------------------------------------------------+-----
Fighting       | 4 5 6 8 9 11 13 14 15 17 18 19 | 19.6
Unarmed Combat | 4 5 6 8 9 11 13 14 15 17 18 19 | 19.6
Dodging        | 5 6 8 9 10 11 12 13 15 16 17 | 17.5
Shapeshifting  | 1 3 |  3.6
Invocations    | 1 5 |  5.0

Action                     |  1- 3 |  4- 6 |  7- 9 | 10-12 | 13-15 | 16-18 || total
---------------------------+-------+-------+-------+-------+-------+-------++-------
  Melee: Unarmed           |    90 |   151 |   329 |   466 |  1518 |   502 ||  3056
         Bite              |    12 |    17 |    40 |    69 |   251 |    80 ||   469
         Punch             |     4 |     5 |    23 |    41 |   211 |    75 ||   359
 Invoke: Trog's Hand       |       |     1 |     4 |     3 |    14 |     5 ||    27
         Berserk           |       |     1 |     3 |     1 |     5 |     3 ||    13
         Brothers in Arms  |       |       |       |       |     1 |       ||     1
  Evoke: Wand              |       |     1 |     7 |    12 |     3 |    14 ||    37
    Use: Potion            |       |     4 |     2 |     6 |    13 |     2 ||    27
         Scroll            |       |       |     1 |    14 |     9 |     2 ||    26
   Stab: Sleeping          |     4 |     3 |       |       |     1 |       ||     8
 Armour: Skin              |    25 |    60 |   116 |   147 |   441 |   186 ||   975
  Dodge: Dodged            |    57 |   136 |   368 |   444 |  1603 |   474 ||  3082
  Block: Other             |       |       |       |       |    83 |    87 ||   170
         Reflection        |       |       |       |       |     8 |     7 ||    15
   Form: Beast             |       |       |       |     1 |       |       ||     1
